 Dungeon Crawl Stone Soup version 0.17-a0-1020-ge683cc4 (webtiles) character file.

47 PhynixH2O the Charmwright (level 3, -1/30 HPs)
             Began as a Ghoul Skald on May 14, 2015.
             Killed from afar by a white imp (2 damage)
             ... with a puff of frost
             ... summoned by Natasha
             ... on level 2 of the Dungeon.
             The game lasted 00:06:09 (992 turns).

PhynixH2O the Charmwright (Ghoul Skald)              Turns: 992, Time: 00:06:10

Health: -1/30      AC:  5    Str: 15    XL:     3   Next: 70%
Magic:  3/4        EV: 10    Int:  8    God:
Gold:   65         SH:  0    Dex:  8    Spells: 2 memorised, 2 levels left

rFire  . . .     SeeInvis .       - Unarmed
rCold  + . .     Clarity  .     j - +0 ring mail
rNeg   + + +     SustAb   .     (no shield)
rPois  ∞         Gourm    .     (no helmet)
rElec  .         Spirit   .     (no cloak)
rCorr  .         Warding  .     (no gloves)
rMut   .         Stasis   .     (no boots)
MR     .....                    (no amulet)
Stlth  ..........               (no ring)
                                (no ring)

@: singing, rotting, not resistant to hostile enchantments, extremely unstealthy
A: rotting body, claws 1, carnivore 3, cold resistance 1, negative energy
resistance 3, slow healing 1, torment resistance, unbreathing
a: Stop Singing


You were on level 2 of the Dungeon.
You were not hungry.

You visited 1 branch of the dungeon, and saw 2 of its levels.

You collected 65 gold pieces.

Inventory:

Armour
 e - a +0 buckler
 j - a +0 ring mail (worn)
Scrolls
 a - a scroll of immolation {unknown}
 d - a scroll of identify {unknown}
 f - a scroll of remove curse {unknown}
 g - 2 scrolls of noise {unknown}
 h - a scroll of fog {unknown}
Books
 b - a book of Battle

   Spells                             Type                      Level
   a - Infusion                       Charms                       1
   b - Shroud of Golubria             Charms/Translocation         2
   c - Song of Slaying                Charms                       2
   d - Spectral Weapon                Hexes/Charms                 3
   e - Regeneration                   Charms/Necromancy            3
Comestibles
 c - a meat ration
 i - 6 chunks of flesh


   Skills:
 * Level 2.6 Fighting
 * Level 1.5 Armour
 * Level 1.3 Dodging
 * Level 2.5 Unarmed Combat
 + Level 1.9 Spellcasting
 + Level 3.1 Charms


You had 2 spell levels left.
You knew the following spells:

 Your Spells              Type           Power        Failure   Level  Hunger
a - Infusion              Chrm           #.....       21%         1    ##.....
b - Song of Slaying       Chrm           #.......     30%         2    ###....


Dungeon Overview and Level Annotations

Branches:
Dungeon (2/15)

Altars:
The Shining One

Annotations:
D:2 Natasha


Innate Abilities, Weirdness & Mutations

Your body is rotting away.
You thrive on raw meat.
You are immune to poison.
You have sharp fingernails.
You are carnivorous and can eat meat at any time.
Your flesh is cold resistant.
You are immune to negative energy.
You heal slowly when monsters are visible.
You are immune to unholy pain and torment.
You can survive without breathing.


Message History

The white imp gestures at you. The puff of frost hits you! You resist.
* * * LOW HITPOINT WARNING * * *
Natasha claws you but does no damage.
Eat one of 7 chunks of flesh? (ye/n/q/i?) This raw flesh tastes great!
The white imp hits you.
* * * LOW HITPOINT WARNING * * *
The white imp freezes you. You resist.
* * * LOW HITPOINT WARNING * * *
Natasha claws you.
* * * LOW HITPOINT WARNING * * *
You continue eating.
The white imp gestures at you. The puff of frost hits you! You resist.
* * * LOW HITPOINT WARNING * * *
Natasha completely misses you.
You continue eating.
The white imp gestures at you. The puff of frost hits you! You resist.
You die...

###[###)###.#........
#.#..............#
#..####....[....#
#.....##.........
#.#.##.##........#
#.#...............#
#.###.##...........#
#.# ##.#........####
#.# #....@..[.# ##
#.##..5h...# #.#
#.......# #.#
#.......# .#
#...?...# ##$..##.#
#.... .# #.... .#
#..#.


You could see Natasha and a white imp.

Vanquished Creatures
  An adder (D:2)
  An ooze (D:1)
  2 goblins (D:1)
  5 hobgoblins
  A ball python (D:1)
  8 bats
  2 giant cockroaches (D:1)
  3 giant newts
  4 jackals (D:2)
  6 kobolds
  2 rats (D:1)
35 creatures vanquished.

Notes
Turn   | Place    | Note
--------------------------------------------------------------
     0 | D:1      | PhynixH2O the Ghoul Skald began the quest for the Orb.
     0 | D:1      | Reached XP level 1. HP: 17/17 MP: 2/2
   142 | D:1      | Reached skill level 1 in Armour
   144 | D:1      | Reached XP level 2. HP: 23/25 MP: 3/3
   173 | D:1      | Reached skill level 3 in Charms
   294 | D:1      | Reached skill level 1 in Dodging
   586 | D:1      | Reached XP level 3. HP: 28/30 MP: 4/4
   592 | D:1      | Learned a level 2 spell: Song of Slaying
   914 | D:2      | Found a glowing golden altar of the Shining One.
   980 | D:2      | Noticed Natasha
   991 | D:2      | HP: 1/30 [white imp/puff of frost[Natasha] (2)]
   992 | D:2      | Killed from afar by a white imp

Vault maps used:
D:1:      dpeg_arrival_boxes_within_box
D:2:      tso_oasis_becter, lemuel_round_altar, uniq_natasha

Action                   || total
-------------------------++-------
Melee: Unarmed           ||   109
 Cast: Infusion          ||     2
       Song of Slaying   ||     3
  Eat: Chunk             ||     6
